 Dungeon Crawl Stone Soup version 0.15-a0-406-g67ee53a (console) character file.

389 xw the Chopper (level 5, 0/45 HPs)
             Began as a Minotaur Fighter on May 4, 2014.
             Killed from afar by Sigmund (9 damage)
             ... with a magic dart
             ... on Level 3 of the Dungeon.
             The game lasted 00:01:09 (2751 turns).

xw the Chopper (Minotaur Fighter)                   Turns: 2751, Time: 00:01:09

HP   0/45        AC  6     Str 21      XL: 5   Next: 82%
MP   2/2         EV  6     Int  5      God:
Gold 147         SH 19     Dex 10      Spells:  0 memorised,  4 levels left

rFire  . . .     SeeInvis .     Y - +0 war axe {mapnotes,}
rCold  . . .     Clarity  .     b - +0 scale mail
rNeg   . . .     Conserve .     c - +0 shield
rPois  .         rCorr    .     (helmet restricted)
rElec  .         rRot     .     (no cloak)
SustAb . .       Spirit   .     (no gloves)
rMut   .         Warding  .     (no boots)
Saprov . . .     Stasis   .     (no amulet)
MR     .....                    (no ring)
                                (no ring)

@: not resistant to hostile enchantments, extremely unstealthy
A: retaliatory headbutt, horns 2
a: no special abilities


You were on level 3 of the Dungeon.
You were not hungry.

You visited 1 branch of the dungeon, and saw 3 of its levels.

You collected 147 gold pieces.

Inventory:

Hand weapons
 Y - a +0,+0 war axe (weapon) {mapnotes,}
Missiles
 f - 46 stones (quivered)
 g - 18 darts
Armour
 b - a +0 scale mail (worn)
 c - a +0 shield (worn)
 h - a +0 cloak
Comestibles
 d - a bread ration
 i - a rambutan
 j - a pear
 k - a rotting chunk of orc flesh
 q - 2 chunks of orc flesh
Scrolls
 a - 2 scrolls of noise {unknown}
 m - a scroll of fear {unknown}
 n - a scroll of identify
Potions
 e - 2 potions of might
 o - a potion of berserk rage {unknown}
 p - 2 potions of poison {unknown}


   Skills:
 - Level 3.6 Fighting
 * Level 6.2 Axes
 + Level 3.1 Throwing
 - Level 3.6 Armour
 - Level 3.6 Shields


You had 4 spell levels left.
You didn't know any spells.

Dungeon Overview and Level Annotations

Branches:
Dungeon (3/15)

Altars:

Annotations:
D:3 Sigmund


Innate Abilities, Weirdness & Mutations

You reflexively headbutt those who attack you in melee.
You have a pair of horns on your head.


Message History

2740 ||| turn
2741 ||| turn
2742 ||| turn
2742 ||| turn
2743 ||| turn You hear some strange, mumbled words.
2744 ||| turn
2744 ||| turn
2744 ||| turn
2745 ||| turn
2746 ||| turn
2746 ||| turn
2747 ||| turn
2748 ||| turn
2749 ||| turn
2749 ||| turn
2750 ||| turn
2750 ||| turn
2751 ||| turn You die...

#.......##....##.#
.<.
........##....##.#
.######.########.#
.................#
.#######.........#
.).....#.........#
.......+.........#
.......#.........#
.......#........H#
......##.........#
.......#.........#
...........#####.#
...........# #.#
...........# ...
.......##### ...
.......# ...
.......# ...


There were no monsters in sight!

Vanquished Creatures
  Crazy Yiuf (D:3)
  An orc priest (D:3)
  An iguana (D:3)
  3 orc wizards (D:3)
  An adder (D:2)
  2 worms (D:2)
  3 giant geckos
  5 orcs (D:3)
  3 bats
  4 giant cockroaches
  8 goblins
  7 hobgoblins
  5 jackals
  3 giant newts
  9 kobolds
  9 rats
65 creatures vanquished.

Notes
Turn   | Place    | Note
--------------------------------------------------------------
     0 | D:1      | xw, the Minotaur Fighter, began the quest for the Orb.
     0 | D:1      | Reached XP level 1. HP: 19/19 MP: 1/1
   178 | D:1      | Reached XP level 2. HP: 26/26 MP: 1/1
   239 | D:1      | Fleeing towards (7,0) corridor
   240 | D:1      | Fleeing towards (7,0) corridor
   241 | D:1      | Fleeing towards (7,0) corridor
   391 | D:1      | Reached skill level 1 in Throwing
   652 | D:1      | TESTING POTIONS
   653 | D:1      | TESTING POTIONS
   654 | D:1      | TESTING POTIONS
   655 | D:1      | TESTING SCROLLS
   656 | D:1      | TESTING SCROLLS
   657 | D:1      | TESTING SCROLLS
   658 | D:1      | Dropping junk: rotting chunk of bat flesh
   698 | D:2      | Fleeing towards (-1,2) corridor
   846 | D:2      | Reached XP level 3. HP: 31/31 MP: 2/2
  1129 | D:2      | Reached skill level 4 in Axes
  1182 | D:2      | Fleeing towards (3,0) corridor
  1183 | D:2      | Fleeing towards (3,0) corridor
  1184 | D:2      | Fleeing towards (2,0) corridor
  1185 | D:2      | Fleeing towards (1,1) corridor
  1536 | D:2      | TESTING POTIONS
  1537 | D:2      | TESTING SCROLLS
  1644 | D:3      | Reached XP level 4. HP: 18/39 MP: 2/2
  1901 | D:3      | Noticed Crazy Yiuf
  1909 | D:3      | Killed Crazy Yiuf
  1909 | D:3      | Reached skill level 5 in Axes
  2232 | D:3      | Reached XP level 5. HP: 45/45 MP: 2/2
  2412 | D:3      | Reached skill level 6 in Axes
  2733 | D:3      | Noticed Sigmund
  2735 | D:3      | Invisible monster
  2751 | D:3      | Killed from afar by Sigmund

Action                   |  1- 3 |  4- 6 || total
-------------------------+-------+-------++-------
Melee: War axe           |    54 |    18 ||    72
Throw: Stone             |    73 |    35 ||   108
  Use: Scroll            |     4 |       ||     4
       Potion            |     4 |       ||     4

Vault maps used:
D:1:      scummos_arrival_simple_fountains, bh_walls_and_bars
D:3:      uniq_iyjb, uniq_sigmund, uniq_crazy_yiuf_cottage
